 Dungeon Crawl Stone Soup version 0.24-a0-291-g79c1ce7 (webtiles) character file.

Game seed: 13490194907907685577

69 galech the Skirmisher (level 4, 32/35 HPs)
             Began as a Demonspawn Fighter on May 9, 2019.
             Quit the game on level 2 of the Dungeon.
             The game lasted 00:01:06 (1257 turns).

galech the Skirmisher (Demonspawn Fighter)          Turns: 1257, Time: 00:01:07

Health: 32/35      AC:  8    Str: 17    XL:     4   Next: 2%
Magic:  4/4        EV:  7    Int:  9    God:
Gold:   92         SH:  9    Dex: 13    Spells: 3/3 levels left

rFire    . . .     SeeInvis .   a - +0 war axe
rCold    . . .     Gourm    .   c - +0 shield
rNeg     . . .     Faith    .   b - +0 scale mail
rPois    .         Spirit   .   (no helmet)
rElec    .         Reflect  .   k - +0 cloak
rCorr    .         Harm     .   (no gloves)
MR       .....                  (no boots)
Stlth    ..........             (no amulet)
HPRegen  0.11/turn              (no ring)
MPRegen  0.09/turn              (no ring)

@: no status effects
A: claws 1, hooves 1, spiny 1
a: no special abilities


You were on level 2 of the Dungeon.
You were not hungry.

You visited 1 branch of the dungeon, and saw 2 of its levels.

You collected 92 gold pieces.

Inventory:

Hand Weapons
 a - a +0 war axe (weapon)
Armour
 b - a +0 scale mail (worn)
 c - a +0 shield (worn)
 k - a +0 cloak (worn)
Scrolls
 e - 2 scrolls of teleportation {unknown}
 h - 2 scrolls of identify {unknown}
 i - a scroll of amnesia {unknown}
 j - a scroll of immolation {unknown}
Potions
 d - a potion of might
 l - a potion of curing {unknown}
Comestibles
 f - 3 rations
 g - 8 chunks of flesh


   Skills:
 + Level 3.2 Fighting
 + Level 2.4 Axes
 + Level 3.2 Armour
 + Level 1.0 Dodging
 + Level 3.2 Shields


You had 3 spell levels left.
You didn't know any spells.
Your spell library was empty.

Dungeon Overview and Level Annotations

Branches:
Dungeon (2/15)

Altars:
Nemelex Xobeh
Trog
Wu Jian
Yredelemnul


Innate Abilities, Weirdness & Mutations

You have sharp fingernails.
You have large cloven feet.
You are partially covered in sharp spines.


Message History

No target in view!
No target in view!
No target in view!
No target in view!
No target in view!
No target in view!
No target in view!
No target in view!
No target in view!
Found 15 arrows.
You see here a jackal corpse.
You butcher the jackal corpse.
g - 5 chunks of flesh (gained 1)
You see here a jackal skeleton.
You see here a jackal corpse.
You butcher the jackal corpse.
g - 8 chunks of flesh (gained 3)
You see here a jackal skeleton.
You see here a jackal skeleton.
Are you sure you want to abandon this character and quit the game? (Confirm with "yes".)

#.# #. #
#####÷###. #.
#....÷.... ##
#.####..#..)...
##..
#........#.####
.....
###........#
##...####
#.##.#####
.......)####.##.#
...>...@.....##.#
.......÷#######.#
.#...#### ... #..
.# #. .( #


There were no monsters in sight!

Vanquished Creatures
  3 adders (D:2)
  An ooze (D:1)
  4 bats
  A giant cockroach (D:1)
  6 goblins
  9 hobgoblins
  3 jackals
  A ball python (D:1)
  3 frilled lizards
  3 kobolds (D:1)
  A rat (D:1)
35 creatures vanquished.

Notes
Turn   | Place    | Note
-------+----------+-------------------------------------------
     0 | D:1      | galech the Demonspawn Fighter began the quest for the Orb.
     0 | D:1      | Reached XP level 1. HP: 18/18 MP: 1/1
   163 | D:1      | Gained mutation: You have large cloven feet. [demonic
                  | ancestry]
   163 | D:1      | Reached XP level 2. HP: 20/24 MP: 2/2
   541 | D:1      | Gained mutation: You are partially covered in sharp spines.
                  | [demonic ancestry]
   541 | D:1      | Reached XP level 3. HP: 28/29 MP: 3/3
  1036 | D:2      | Found an ornate altar of the Wu Jian Council.
  1037 | D:2      | Found a sparkling altar of Nemelex Xobeh.
  1037 | D:2      | Found a basalt altar of Yredelemnul.
  1039 | D:2      | Found a bloodstained altar of Trog.
  1068 | D:2      | Reached skill level 1 in Dodging
  1247 | D:2      | Gained mutation: You have sharp fingernails. [demonic
                  | ancestry]
  1247 | D:2      | Reached XP level 4. HP: 31/35 MP: 4/4
  1257 | D:2      | Quit the game

Levels and vault maps discovered:
D:1:      sevenhm_arrival_forest_fort_small_4, layout_basic, minmay_hexomino_f4
D:2:      layout_loops_ring, chequers_temple_overflow_statue_of_worship,
          first_ration, chequers_arboretum

Skill      XL: |  1  2  3 |
---------------+----------+-----
Axes           | 2 |  2.4
Armour         | 3 |  3.2
Shields        | 3 |  3.2
Dodging        | 1 |  1.0
Fighting       | |  3.2

Action                   |  1- 3 |  4- 6 || total
-------------------------+-------+-------++-------
Melee: War axe           |    84 |     2 ||    86
       Kick              |    17 |       ||    17
  Eat: Chunk             |     1 |       ||     1
Armor: Scale mail        |    40 |     3 ||    43
Dodge: Dodged            |    25 |     1 ||    26
Block: Shield            |    53 |       ||    53

Table legend:
 A = Non-vault XP
 B = Vault XP
 C = Vault XP percentage of total XP
 D = Non-vault monster count
 E = Vault monster count
 F = Vault count percentage of total count
                 A         B        C        D         E       F
            +---------+---------+-------+---------+---------+-------
      Total |      94 |       5 |   5.1 |      32 |       3 |   8.6
            +---------+---------+-------+---------+---------+-------
        D:1 |      40 |       5 |  11.1 |      21 |       3 |  12.5
        D:2 |      54 |       0 |   0.0 |      11 |       0 |   0.0
            +---------+---------+-------+---------+---------+-------
